 Dungeon Sprint DCSS version 0.30.1-9-gdf580d7c3d (webtiles) character file.

Game seed: 2124077376501228413

134 Heoruswealwe the Spear-Bearer (level 4, -1/45 HPs)
             Began as a Minotaur Fighter on Sept 28, 2023.
             Was an Initiate of Gozag.
             Slain by a two-headed ogre
             ... wielding a +0 giant spiked club
              (11 damage)
             ... in the Dungeon (Sprint IX: "|||||||||||||||||||||||||||||").
             The game lasted 00:02:05 (131 turns).

Heoruswealwe the Spear-Bearer (Minotaur Fighter)     Turns: 131, Time: 00:02:07

Health: -1/45      AC:  9    Str: 23    XL:     4   Next: 95%
Magic:  3/3        EV: 10    Int:  5    God:    Gozag
Gold:   0          SH:  0    Dex:  9    Spells: 3/3 levels left

rFire   . . .        b - +2 halberd (venom)
rCold   . . .        (shield currently unavailable)
rNeg    . . .        c - +0 scale mail
rPois   .            (helmet restricted)
rElec   .            (no cloak)
rCorr   .            (no gloves)
SInv    .            e - +0 pair of boots
Will    .....        (no amulet) Stlth
                     (no ring)
HPRegen 0.27/turn    (no ring)
MPRegen 0.08/turn

%: no teleportation
@: no status effects
A: horns 2, retaliatory headbutt
a: Renounce Religion, Potion Petition, Call Merchant, Bribe Branch


You were in the Dungeon.
You worshipped Gozag.
Gozag was noncommittal.
You visited 1 branch

Inventory:

Hand Weapons
 a - a +0 trident
 b - a +2 halberd of venom (weapon)
Armour
 c - a +0 scale mail (worn)
 d - a +0 buckler
 e - a +0 pair of boots (worn)
Wands
 h - a wand of light (10)
Scrolls
 j - 2 scrolls of blinking
Potions
 f - 3 potions of heal wounds
 g - a potion of haste
 i - a potion of berserk rage
 k - a potion of might
 l - 5 potions of curing


   Skills:
 + Level 6.9 Fighting
 * Level 8.7 Polearms
 + Level 6.9 Armour
 - Level 3.6 Shields


You had 3 spell levels left.
You didn't know any spells.
Your spell library was empty.

Dungeon Overview and Level Annotations

Branches:
Dungeon (1/1)

Altars:
Cheibriados
Dithmenos
Elyvilon
Fedhas
Gozag
Hepliaklqana
Kikubaaqudgha
Makhleb
Nemelex Xobeh
Okawaru
Qazlal
Ru
Sif Muna
Trog
Uskayaw
Vehumet
Wu Jian
Xom
Yredelemnul
Zin
The Shining One
Jiyva
Lugonu


Innate Abilities, Weirdness & Mutations

You have a pair of horns on your head.
You reflexively headbutt those who attack you in melee.


Message History

l - a +0 pair of boots Adjust (i)tems, (s)pells, or (a)bilities?
l - a +0 pair of boots Adjust to which letter? (? for menu, Esc to quit)
e - a +0 pair of boots;
l - 5 potions of curing You start putting on your armour.
You continue putting on your +0 pair of boots. x4
You finish putting on your +0 pair of boots.
Press: ? - help, v - describe, . - travel, g - get item Item here: a +2 ring mail.
The floor.
You see here a +0 pair of boots.
You see here a +2 ring mail.
You see here a +2 ring of evasion.
m - a +2 ring of evasion You see here a +2 ring mail.
You drop a +2 ring of evasion.
You see here a +3 ring of intelligence.
m - a +3 ring of intelligence
Things that are here:
a +2 ring of evasion; a +2 ring mail You drop a +3 ring of intelligence.
You open the door.
An orc warrior, 2 two-headed ogres, a troll, a yak and a steam dragon come into view.
The orc warrior shouts!
The two-headed ogre shouts in stereo!
The troll shouts!
The steam dragon hisses angrily.
The orc warrior hits you from afar with a +0 trident.
There is an open door to the Dungeon here.
You hit the two-headed ogre.
The two-headed ogre is poisoned.
Your headbutt misses the two-headed ogre.
The two-headed ogre is lightly wounded.
The orc warrior hits you from afar with a +0 trident.
You hit the two-headed ogre.
The two-headed ogre is lightly wounded.
The orc warrior hits you from afar with a +0 trident!
The two-headed ogre hits you with a +0 giant spiked club!!
* * * LOW HITPOINT WARNING * * *
The two-headed ogre hits you with a +0 giant club!
You die...
Your body crumbles into a pile of gold.

▓?▓
$
▓)▓
$
▓.▓
$
▓.▓
▓[▓
$
▓=▓
▓.▓
$
▓.▓
$
▓@▓
$
▓O▓
▓o▓
$
▓O▓
$
▓T▓
$ $
▓Y▓
$
▓D▓
$
▓+▓


You could see 2 two-headed ogres, a yak, a troll, a steam dragon and an orc
warrior.

Vanquished Creatures
  A phantom (D)
  A hound (D)
  2 gnolls (D)
  A dart slug (D)
  An orc (D)
  A quokka (D)
  2 ball pythons (D)
  A frilled lizard (D)
10 creatures vanquished.

Notes
Turn   | Place    | Note
-------+----------+-------------------------------------------
     0 | D        | Heoruswealwe the Minotaur Fighter began the quest for the
                  | Orb.
     0 | D        | Reached XP level 1. HP: 19/19 MP: 0/0
    12 | D        | Reached skill level 4 in Polearms
    12 | D        | Reached XP level 2. HP: 22/28 MP: 1/1
    17 | D        | Reached skill level 5 in Polearms
    35 | D        | Noticed a phantom
    43 | D        | Killed a phantom
    44 | D        | Reached skill level 7 in Polearms
    44 | D        | Reached XP level 3. HP: 35/38 MP: 2/2
    44 | D        | Reached XP level 4. HP: 42/45 MP: 3/3
    48 | D        | Reached skill level 8 in Polearms
    64 | D        | Found a snail-covered altar of Cheibriados.
    64 | D        | Found a shadowy altar of Dithmenos.
    64 | D        | Found a white marble altar of Elyvilon.
    64 | D        | Found a blossoming altar of Fedhas.
    64 | D        | Found an opulent altar of Gozag.
    65 | D        | Found a hazy altar of Hepliaklqana.
    66 | D        | Found a viscous altar of Jiyva.
    67 | D        | Found an ancient bone altar of Kikubaaqudgha.
    68 | D        | Found a corrupted altar of Lugonu.
    69 | D        | Found a burning altar of Makhleb.
    70 | D        | Found a sparkling altar of Nemelex Xobeh.
    71 | D        | Found an iron altar of Okawaru.
    72 | D        | Became a worshipper of Gozag Ym Sagoz the Greedy
    73 | D        | Found a stormy altar of Qazlal.
    74 | D        | Found a sacrificial altar of Ru.
    75 | D        | Found a shimmering blue altar of Sif Muna.
    76 | D        | Found a bloodstained altar of Trog.
    77 | D        | Found a hide-covered altar of Uskayaw.
    78 | D        | Found a radiant altar of Vehumet.
    79 | D        | Found an ornate altar of the Wu Jian Council.
    80 | D        | Found a shimmering altar of Xom.
    81 | D        | Found a basalt altar of Yredelemnul.
    82 | D        | Found a glowing silver altar of Zin.
    83 | D        | Found a glowing golden altar of the Shining One.
   128 | D        | Noticed an orc warrior
   128 | D        | Noticed a two-headed ogre
   128 | D        | Noticed a two-headed ogre
   128 | D        | Noticed a troll
   128 | D        | Noticed a yak
   128 | D        | Noticed a steam dragon
   131 | D        | Slain by a two-headed ogre

Illustrated notes

Levels and vault maps discovered:
D:        linesprint [early_d, line_temple, items_1, d_10, items_2, lair_1,
          lair_end, items_3, orc_1, orc_end, items_4, d_15, swamp_1, shoals_1,
          snake_1, spider_1, d_20, vaults_1, items_5, swamp_end, shoals_end,
          snake_end, spider_end, vaults_end, d_27, items_6, zot_1, zot_end,
          crypt_end, forest_end, elf_end, slime_end, tomb_end, abyss_end,
          pan_hell_end]

Skill      XL: |  1  2  3  4 |
---------------+-------------+-----
Fighting       | 4 6 |  6.9
Polearms       | 4 7 8 |  8.7
Armour         | 4 6 |  6.9
Shields        | |  3.6

Action                     |  1- 3 |  4- 6 || total
---------------------------+-------+-------++-------
  Melee: Trident           |    20 |    14 ||    34
         Headbutt          |     2 |     2 ||     4
         Halberd           |       |     2 ||     2
 Armour: Scale mail        |     5 |     5 ||    10
  Dodge: Dodged            |     6 |     2 ||     8
  Block: Buckler           |     1 |     2 ||     3
